 Dungeon Crawl Stone Soup version 0.21.1-1-g345015f (webtiles) character file.

149 lyrx the Covert (level 5, 0/24 HPs)
             Began as a Spriggan Enchanter on Mar 3, 2018.
             Slain by an orc
             ... wielding a +0 mace
              (7 damage)
             ... on level 3 of the Dungeon.
             The game lasted 00:13:40 (2529 turns).

lyrx the Covert (Spriggan Enchanter)                Turns: 2529, Time: 00:13:41

Health: 0/24       AC:  2    Str:  4    XL:     5   Next: 9%
Magic:  5/10       EV: 18    Int: 16    God:
Gold:   107        SH:  0    Dex: 18    Spells: 7/10 levels left

rFire    . . .     SeeInvis +   p - -1 dagger (curse)
rCold    . . .     Gourm    .   (shield restricted)
rNeg     . . .     Faith    +   b - +0 robe
rPois    .         Spirit   .   (helmet restricted)
rElec    .         Reflect  .   (no cloak)
rCorr    .         Harm     .   (gloves unavailable)
MR       .....                  (boots unavailable)
Stlth    ++++......             h - amulet of faith
HPRegen  0.08/turn              (no ring)
MPRegen  0.12/turn              (no ring)

@: very slightly contaminated, very quick
A: very small, unfitting armour, see invisible, herbivore, speed 3, slow
metabolism 2
a: no special abilities


You were on level 3 of the Dungeon.
You were not hungry.

You visited 1 branch of the dungeon, and saw 3 of its levels.

You collected 107 gold pieces.

Inventory:

Hand Weapons
 a - a +1 dagger
 p - a cursed -1 dagger (weapon)
 t - a +1 dagger of chaos
Missiles
 k - 3 needles of sleeping
 s - 8 arrows
Armour
 b - a +0 robe (worn)
Jewellery
 h - an amulet of faith (around neck)
Wands
 n - a wand of iceblast (8)
Scrolls
 f - 2 scrolls of teleportation
 m - 2 scrolls of identify
 q - a scroll of blinking {unknown}
 r - a scroll of remove curse {unknown}
Potions
 e - a potion of cancellation
 g - 3 potions of curing {unknown}
 i - 2 potions of brilliance {unknown}
 j - a potion of heal wounds {unknown}
 l - a potion of haste {unknown}
 o - a potion of flight {unknown}
Books
 c - a book of Maledictions

   Spells                             Type                      Level
   a - Corona                         Hexes                        1
   b - Ensorcelled Hibernation        Hexes/Ice                    2
   c - Confuse                        Hexes                        3
   d - Tukima's Dance                 Hexes                        3
   e - Dazzling Spray                 Conjuration/Hexes            3
Comestibles
 d - 2 rations


   Skills:
 + Level 2.1 Short Blades
 - Level 3.0 Dodging
 * Level 8.1 Stealth
 - Level 3.0 Spellcasting
 - Level 4.0 Hexes


You had 7 spell levels left.
You knew the following spells:

 Your Spells              Type           Power        Failure   Level  Hunger
a - Corona                Hex            ###....      3%          1    #......
b - Ensorcelled Hibernat  Hex/Ice        #.....       12%         2    ##.....


Dungeon Overview and Level Annotations

Branches:
Dungeon (3/15)

Altars:
Elyvilon
Makhleb
Xom


Innate Abilities, Weirdness & Mutations

You are very small and have problems with some larger weapons.
You are too small for most types of armour.
You have supernaturally acute eyesight. (SInv)
You are a herbivore.
You cover ground extremely quickly.
You need consume almost no food.


Message History

Confirm with . or Enter, or press ? or * to list all spells.
Aiming: Ensorcelled Hibernation
Press: ? - help, Shift-Dir - straight line, f - orc, p - orc
Aim: an orc, wielding a hand axe (heavily wounded, chance to defeat MR: 57%)
You miscast Ensorcelled Hibernation.
You are very lightly contaminated with residual magic.
Nothing appears to happen.
The orc barely misses you.
Casting: Ensorcelled Hibernation
Confirm with . or Enter, or press ? or * to list all spells.
Aiming: Ensorcelled Hibernation
Press: ? - help, Shift-Dir - straight line, f/p - orc
Aim: an orc, wielding a hand axe (heavily wounded, chance to defeat MR: 57%)
The orc looks drowsy...
The helpless orc fails to defend itself.
You impale the orc!!
You kill the orc!
You see here a hand axe.
The orc shouts!
You closely miss the orc. The orc hits you with a mace!
You die...

####### ###### #######.....#
##### ......
#####...........###_._#####......
#.................#...#...o...o..
#.#.....#.#.####).#...#.###....o.
#.........#.####.###'##.# ..o...
#.#.⌠.⌠.#.#....#.#......# '#####
#.........#....#.#......#....
#.#.....#.#>...o@..).........
#...._....#....#.######.#........
#.#.....#.#....#.# #<#........
#.........#....#.### ###........
#.#.⌠.⌠.#.#...)#...# #.......
#.........#....###.# #.....#
#.#.....#.#....# #.# #.....#
(.........#...o###.# #.....##
..........#.###o...######.....<#


You could see an orc.

Vanquished Creatures
  A crimson imp (D:3)
  An orc wizard (D:3)
  2 adders (D:2)
  3 gnolls (D:2)
  2 dart slugs
  2 leopard geckos
  2 orcs (D:3)
  4 bats
  2 giant cockroaches
  7 goblins
  3 hobgoblins
  3 kobolds
  A frilled lizard (D:1)
  7 rats
40 creatures vanquished.

Notes
Turn   | Place    | Note
-------+----------+-------------------------------------------
     0 | D:1      | lyrx the Spriggan Enchanter began the quest for the Orb.
     0 | D:1      | Reached XP level 1. HP: 9/9 MP: 5/5
   522 | D:1      | Reached XP level 2. HP: 4/13 MP: 6/6
   740 | D:1      | Learned a level 2 spell: Ensorcelled Hibernation
   800 | D:1      | Reached skill level 5 in Stealth
  1198 | D:2      | Reached XP level 3. HP: 12/16 MP: 5/8
  1367 | D:2      | Reached skill level 6 in Stealth
  1642 | D:2      | Reached XP level 4. HP: 21/21 MP: 2/9
  1967 | D:3      | Reached skill level 7 in Stealth
  2192 | D:3      | Found a white marble altar of Elyvilon.
  2237 | D:3      | Found a burning altar of Makhleb.
  2238 | D:3      | Found a shimmering altar of Xom.
  2348 | D:3      | Reached skill level 8 in Stealth
  2348 | D:3      | Reached XP level 5. HP: 8/24 MP: 1/10
  2529 | D:3      | Slain by an orc

Skill      XL: |  1  2  3  4 |
---------------+-------------+-----
Hexes          | 4 |  4.0
Stealth        | 5 6 8 |  8.1
Spellcasting   | 3 |  3.0
Short Blades   | 2 |  2.1
Dodging        | |  3.0

Action                   |  1- 3 |  4- 6 || total
-------------------------+-------+-------++-------
Melee: Dagger            |   103 |    19 ||   122
 Cast: Ensorcelled Hiber |     8 |    10 ||    18
  Use: Scroll            |     3 |       ||     3
 Stab: Sleeping          |    15 |    10 ||    25
       Distracted        |     1 |       ||     1
  Eat: Ration            |     1 |       ||     1
Armor: Robe              |     7 |       ||     7
Dodge: Dodged            |    68 |     4 ||    72
